 Dungeon Crawl Stone Soup version 0.18-a0-998-gcb3fcb1 (webtiles) character file.

4725 M4edhros the Covert (level 10, -4/52 HPs)
             Began as an Octopode Artificer on Jan 5, 2016.
             Was a Priest of Okawaru.
             Slain by a killer bee (6 damage)
             ... on level 9 of the Dungeon.
             The game lasted 00:18:19 (8995 turns).

M4edhros the Covert (Octopode Artificer)            Turns: 8995, Time: 00:18:20

Health: -4/52      AC:  1    Str: 11    XL:     10   Next: 45%
Magic:  15/15      EV: 14    Int: 18    God:    Okawaru [***...]
Gold:   302        SH:  9    Dex: 12    Spells: 0 memorised, 9 levels left

rFire  + . .     SeeInvis .     D - +2 short sword (venom)
rCold  . . .     Gourm    .     C - +0 shield
rNeg   + . .     Faith    .     (helmet restricted)
rPois  +         Spirit   .     N - amulet "Kaditov" {Harm *Drain Stlth+}
rElec  .         Dismiss  .     j - ring of protection from fire
rCorr  .         Reflect  .     A - ring of positive energy
SustAt .         Harm     +     b - ring of poison resistance
MR     .....                    (no ring)
Stlth  +++++++...               (no ring)
                                (no ring)
                                (no ring)
                                (no ring)

@: lethally poisoned (-4 -> -11), not resistant to hostile enchantments,
extremely stealthy
A: almost no armour, amphibious, 8 rings, constrict 8, fangs 1, camouflage 1,
blink, blurry vision 1, frail 1, gelatinous body 1
a: Blink, Heroism, Renounce Religion


You were on level 9 of the Dungeon.
You worshipped Okawaru.
Okawaru was most pleased with you.
You were not hungry.

You visited 1 branch of the dungeon, and saw 9 of its levels.
You also visited: Sewer.

You collected 407 gold pieces.
You spent 105 gold pieces at shops.

Inventory:

Hand Weapons
 y - a +0 dagger of venom
 D - a +2 short sword of venom (weapon)
 H - a +2 hunting sling of freezing
Missiles
 t - 118 stones (quivered)
 O - 10 steel sling bullets
Armour
 C - a +0 shield (worn)
Magical Staves
 i - an uncursed staff of power
Jewellery
 b - a ring of poison resistance (on tentacle)
 j - a ring of protection from fire (left tentacle)
 A - a ring of positive energy (right tentacle)
 N - the amulet "Kaditov" (around mantle) {Harm *Drain Stlth+}
   (You found it on level 8 of the Dungeon)

   [amulet of harm]

   It increases damage dealt and taken.
   It makes you more stealthy.
Wands
 c - a wand of enslavement (7/24)
 d - a wand of random effects (8/48)
 q - a wand of hasting (2/9)
 E - a wand of lightning (2/15)
 J - a wand of fireball (3/15)
Scrolls
 a - 2 scrolls of fog
 e - 3 scrolls of magic mapping
 h - a scroll of identify
 k - 2 scrolls of blinking
 o - a scroll of remove curse
 u - 4 scrolls of teleportation
 B - 3 scrolls of fear
 M - a scroll of torment
Potions
 l - 5 potions of curing
 m - a potion of haste
 v - 2 potions of flight
 w - a potion of might
 x - 4 potions of brilliance {unknown}
 z - a potion of magic {unknown}
 F - a potion of lignification {unknown}
 G - 2 potions of resistance {unknown}
 L - a potion of invisibility {unknown}
Comestibles
 f - 7 bread rations
 g - 4 meat rations
 p - 2 chunks of flesh
 s - 6 beef jerkies
 I - 2 slices of pizza
 K - 2 royal jellies


   Skills:
 - Level 1.0 Fighting
 - Level 1.0 Short Blades
 * Level 5.8 Slings
 * Level 8.1 Dodging
 * Level 10.9 Stealth
 * Level 5.9 Shields
 + Level 7.1 Evocations


You had 9 spell levels left.
You didn't know any spells.

Dungeon Overview and Level Annotations

Branches:
Dungeon (9/15)             Temple (0/1) D:6
   Lair: D:8-11         Orc: D:9-12

Altars:
Ashenzari
Cheibriados
Dithmenos
Okawaru
Qazlal
Trog
Xom
Yredelemnul
The Shining One

Shops:
D:6 %([:*   D:7 *

Annotations:
D:7 Duvessa


Innate Abilities, Weirdness & Mutations

You cannot wear most types of armour.
You are amphibious.
You can wear up to eight rings at the same time.
You can use your tentacles to constrict eight enemies at once.
Your skin changes colour to match your surroundings (Stealth).
Your rubbery body absorbs attacks (AC +1).
You have very sharp teeth.
You can translocate small distances at will.
Scrolls take you a little longer to read.
You are frail (-10% HP).


Message History

You feel much better.
You constrict the killer bee.
You feel sick. You block the killer bee's attack.
The killer bee barely misses you. You block the killer bee's attack. x2
The killer bee misses you. You block the killer bee's attack.
The killer bee stings you. The killer bee completely misses you.
Read which item? (? for menu, Esc to quit)
You can't read that!
Read which item? (? for menu, Esc to quit)
Really read with blurry vision while enemies are nearby?
You constrict the killer bee.
You feel sick. You block the killer bee's attack.
The killer bee closely misses you. The killer bee completely misses you.
The killer bee closely misses you.
You begin reading the scroll.
You continue reading the scroll.
You constrict the killer bee.
You feel sick. You block the killer bee's attack.
The killer bee barely misses you. The killer bee stings you!
* * * LOW HITPOINT WARNING * * *
The killer bee stings you!
* * * LOW HITPOINT WARNING * * *
You block the killer bee's attack. The killer bee stings you.
You die...

#... #... #... ####...
.......### .......y.
......yy# #.y@# #.y.#
#...# #...#
+...#######...#
#.............#
#####.............#
..................#
..................#
..................#####.


You could see 5 killer bees.

Vanquished Creatures
  Erolcha (D:8)
  A spriggan (D:7)
  Sigmund (D:2)
  2 hippogriffs
  Menkaure (D:7)
  2 sky beasts
  A black bear (D:6)
  An orc warrior (D:6)
  2 phantoms
  3 ice beasts
  2 ogres
  3 centaurs
  The ghost of M4edhros the Sneak, an amateur OpAr (D:4)
  2 big kobolds (Sewer)
  2 giant frogs
  A gnoll sergeant (D:8)
  A scorpion (D:8)
  3 wights (D:6)
  6 killer bees (D:7)
  9 crimson imps
  A quasit (D:8)
  4 orc wizards
  A centaur skeleton (D:4)
  A giant frog skeleton (D:6)
  3 orc priests
  5 hounds
  A jelly (D:5)
  Ijyb (D:3)
  8 worker ants
  10 gnolls
  9 adders
  A shadow imp (D:5)
  5 oozes
  An adder zombie (D:8)
  An adder skeleton (D:7)
  8 worms
  A giant gecko (D:2)
  15 orcs
  4 bats
  13 giant cockroaches
  4 goblins
  3 hobgoblins
  8 jackals
  4 quokkas
  5 ball pythons
  A giant cockroach zombie (D:5)
  4 giant newts
  A jackal skeleton (D:7)
  12 kobolds
  14 rats
194 creatures vanquished.

Vanquished Creatures (collateral kills)
  An adder (D:4)
  An orc (D:3)
  A goblin (D:1)
3 creatures vanquished.

Grand Total: 197 creatures vanquished

Notes
Turn   | Place    | Note
--------------------------------------------------------------
     0 | D:1      | M4edhros the Octopode Artificer began the quest for the Orb.
     0 | D:1      | Reached XP level 1. HP: 13/13 MP: 3/3
   397 | D:1      | Reached XP level 2. HP: 18/18 MP: 4/4
   945 | D:2      | Reached XP level 3. HP: 23/23 MP: 5/5
  1066 | D:2      | Noticed Sigmund
  1074 | D:2      | Killed Sigmund
  1074 | D:2      | Reached skill level 4 in Stealth
  1074 | D:2      | Reached XP level 4. HP: 15/28 MP: 5/7
  1074 | D:2      | Reached XP level 5. HP: 17/33 MP: 5/8
  1255 | D:3      | Reached skill level 5 in Stealth
  1286 | D:3      | Noticed a moth of wrath
  1289 | D:3      | Found a bloodstained altar of Trog.
  1316 | D:3      | Reached XP level 6. HP: 14/38 MP: 9/9
  1370 | D:3      | Noticed Ijyb
  1381 | D:3      | Killed Ijyb
  1537 | D:3      | Found a glowing drain.
  1556 | Sewer    | Entered a sewer
  1659 | Sewer    | Reached skill level 6 in Stealth
  1807 | Sewer    | Reached XP level 7. HP: 26/43 MP: 10/10
  1866 | D:3      | Found an iron altar of Okawaru.
  1957 | D:3      | Became a worshipper of Warmaster Okawaru
  2222 | D:2      | Found a shadowy altar of Dithmenos.
  2301 | D:2      | Reached skill level 5 in Dodging
  2441 | D:3      | Reached skill level 7 in Stealth
  2756 | D:4      | Reached skill level 1 in Shields
  2806 | D:4      | Noticed M4edhros's ghost (amateur OpAr)
  3036 | D:4      | Found a shimmering altar of Xom.
  3240 | D:4      | Found a shattered altar of Ashenzari.
  3242 | D:4      | Found a snail-covered altar of Cheibriados.
  3267 | D:4      | Reached skill level 1 in Slings
  3358 | D:4      | Reached skill level 5 in Evocations
  3537 | D:4      | Killed M4edhros's ghost
  3537 | D:4      | Reached XP level 8. HP: 40/48 MP: 11/11
  4205 | D:5      | Entered Level 5 of the Dungeon
  4633 | D:5      | Reached skill level 8 in Stealth
  4939 | D:5      | Reached * piety under Okawaru
  5720 | D:6      | Found a stormy altar of Qazlal.
  5769 | D:6      | Found a staircase to the Ecumenical Temple.
  5777 | D:6      | Reached skill level 9 in Stealth
  5777 | D:6      | Reached XP level 9. HP: 25/53 MP: 13/13
  5803 | D:6      | Found Ylui's Food Shop.
  5989 | D:6      | Found Etrots's Weapon Boutique.
  6085 | D:6      | Found Yfewk's Antique Armour Shoppe.
  6107 | D:6      | Found Uvaebbod's Book Shop.
  6341 | D:6      | Found Cahutiawk's General Store.
  6349 | D:6      | Bought a scroll of enchant weapon for 105 gold pieces
  6401 | D:7      | Found a basalt altar of Yredelemnul.
  6423 | D:7      | Noticed Menkaure
  6430 | D:7      | Killed Menkaure
  6430 | D:7      | Reached ** piety under Okawaru
  6542 | D:7      | Gained mutation: Scrolls take you a little longer to read. [mutagenic meat]
  6543 | D:7      | Gained mutation: You are frail (-10% HP). [mutagenic meat]
  6544 | D:7      | Gained mutation: Your body sometimes deteriorates upon taking damage. [mutagenic meat]
  6545 | D:7      | Gained mutation: You can translocate small distances at will. [mutagenic meat]
  6546 | D:7      | Lost mutation: Your body sometimes deteriorates upon taking damage. [mutagenic meat]
  6547 | D:7      | Gained mutation: You have very sharp teeth. [mutagenic meat]
  6707 | D:7      | Reached skill level 10 in Stealth
  6888 | D:7      | Noticed Duvessa
  7502 | D:7      | Reached skill level 5 in Slings
  7520 | D:7      | Reached skill level 5 in Shields
  7560 | D:7      | Reached XP level 10. HP: 36/52 MP: 13/15
  7648 | D:7      | Found Nilawek's Off-Brand Ammunition.
  8001 | D:8      | Got an ancient ruby amulet
  8002 | D:8      | Identified the amulet "Kaditov" {Harm *Drain Stlth+} (You found it on level 8 of the Dungeon)
  8201 | D:8      | Reached *** piety under Okawaru
  8227 | D:8      | Found a glowing golden altar of the Shining One.
  8305 | D:8      | Noticed Erolcha
  8337 | D:8      | Killed Erolcha
  8995 | D:9      | HP: 2/52 [killer bee (11)]
  8995 | D:9      | Slain by a killer bee

Vault maps used:
D:1:      mushboom_english_gardens, grunt_decor_arrowhead
D:2:      nicolae_dithmenos_through_a_glass_darkly, first_bread,
          kennysheep_generic_room_13, uniq_sigmund
D:3:      okawaru_ov_weapons_minmay, tgw_trog, portal_sewer_entry_b, uniq_iyjb
D:4:      nicolae_overflow_hidden_temple
D:5:      grunt_ministairs_3, minmay_misc_feat_chi, dk_rats_in_the_wall
D:6:      black_bear_nest_2, temple_green, serial_shops, shop, kennysheep_mini,
          nicolae_shop_crystal, shop, nicolae_shop_trees, serial_park_tiny_pond,
          grunt_qazlal_clouds
D:7:      lemuel_round_altar, the_bakery, nicolae_offbrand_ammo, uniq_menkaure,
          uniq_duvessa
D:8:      tso_altar, uniq_erolcha
D:9:      orc_0_dummy
Sewer:    sewer_co_15_rooms

Action                   |  1- 3 |  4- 6 |  7- 9 | 10-12 || total
-------------------------+-------+-------+-------+-------++-------
Melee: Short sword       |    38 |    75 |   264 |    59 ||   436
 Fire: Hunting sling     |       |       |   104 |    15 ||   119
Invok: Heroism           |       |       |     1 |       ||     1
Evoke: Wand              |     2 |     7 |    21 |     3 ||    33
  Use: Potion            |     1 |     1 |     2 |     7 ||    11
       Scroll            |       |       |    16 |       ||    16
 Stab: Sleeping          |    13 |    11 |    30 |     5 ||    59
       Distracted        |       |     1 |     1 |       ||     2
  Eat: Chunk             |       |     3 |    24 |     5 ||    32
